TOP OF THE 1ST |
Arkansas Travelers batting - Pitching for Northwest Arkansas Naturals : RHP Tim Tucker
|
Pitching: RHP Tim Tucker
|
|
Batting: LHB Justin Alexander
|
0-0: Called Strike 0-1: Foul Ball, location: 2F 0-2: Ball 1-2: Ball 2-2: Foul Ball, location: 2F 2-2: Ball 3-2: Strikes out swinging
|
Batting: RHB Luis Romero
|
0-0: Ball 1-0: Ball 2-0: Called Strike 2-1: Called Strike 2-2: Foul Ball, location: 2F 2-2: Ball 3-2: Foul Ball, location: 2F 3-2: Foul Ball, location: 2F 3-2: Strikes out swinging
|
Batting: RHB Mike Alm
|
0-0: Called Strike 0-1: Ball 1-1: Foul Ball, location: 2F 1-2: Fly out, F8 (Flyball, 8LD, EV 95.0 MPH)
|
Top of the 1st over - 0 runs, 0 hits, 0 errors, 0 left on base; Arkansas 0 - Northwest Arkansas 0 |
BOTTOM OF THE 1ST |
Northwest Arkansas Naturals batting - Pitching for Arkansas Travelers : RHP Ricky Castillo
|
Pitching: RHP Ricky Castillo
|
|
Batting: RHB Danny Weisse
|
0-0: Swinging Strike 0-1: Swinging Strike 0-2: Ball 1-2: Strikes out looking
|
Batting: RHB Yi-lin Niu
|
0-0: Called Strike 0-1: Ball 1-1: Ball 2-1: Ball 3-1: Swinging Strike 3-2: Fly out, F5 (Popup, 5F, EV 56.9 MPH)
|
Batting: RHB Alex Cid
|
0-0: Called Strike 0-1: Foul Ball, location: 2F 0-2: Ball 1-2: Strikes out swinging
|
Bottom of the 1st over - 0 runs, 0 hits, 0 errors, 0 left on base; Arkansas 0 - Northwest Arkansas 0 |
TOP OF THE 2ND |
Arkansas Travelers batting - Pitching for Northwest Arkansas Naturals : RHP Tim Tucker
|
Batting: RHB Ryan Pelletier
|
0-0: Foul Ball, location: 2F 0-1: Called Strike 0-2: Ball 1-2: Ball 2-2: Ball 3-2: Strikes out swinging
|
Batting: LHB Barrfhionn O'Toole
|
0-0: Ball 1-0: Called Strike 1-1: Reached on error, E6 (Groundball, 6, EV 84.4 MPH)
|
Batting: RHB Gary Horgan
|
0-0: Ball Barrfhionn O'Toole steals 2nd base 1-0: SINGLE (Line Drive, 4D, EV 101.9 MPH) Barrfhionn O'Toole to third Runner from 3rd tries for Home, SAFE, throw by CF to home
|
Batting: RHB Timoleon Tsikouna
|
0-0: Called Strike 0-1: Ball 1-1: Ball 2-1: SINGLE (Flyball, 3D, EV 91.9 MPH) Gary Horgan to second
|
Batting: RHB Danny Bjarnson
|
0-0: Foul Ball, location: 2F 0-1: Called Strike Gary Horgan steals 3rd, throwing error, E2 Gary Horgan scores Timoleon Tsikouna to third 0-2: Ball 1-2: Foul Ball, location: 2F 1-2: Foul Ball, location: 2F 1-2: Foul Ball, location: 2F 1-2: Strikes out swinging
|
Batting: RHB Reginald McDougall
|
0-0: Called Strike 0-1: Ball 1-1: Ball 2-1: Swinging Strike 2-2: 2-RUN HOME RUN (Flyball, 7LD, EV 93.1 MPH), Distance : 352 ft
|
Batting: LHB Justin Alexander
|
0-0: Ball 1-0: Foul Ball, location: 2F 1-1: Foul Ball, location: 2F 1-2: Fly out, F8 (Line Drive, 8LD, EV 101.9 MPH)
|
Top of the 2nd over - 4 runs, 3 hits, 2 errors, 0 left on base; Arkansas 4 - Northwest Arkansas 0 |
BOTTOM OF THE 2ND |
Northwest Arkansas Naturals batting - Pitching for Arkansas Travelers : RHP Ricky Castillo
|
Batting: RHB Kevin Roseen
|
0-0: SINGLE (Groundball, 6D, EV 104.4 MPH)
|
Batting: SHB Jason Anaya
|
0-0: Called Strike 0-1: Ball 1-1: Swinging Strike 1-2: Ball 2-2: Ball 3-2: Foul Ball, location: 2F 3-2: Grounds out, U3 (Groundball, 3L, EV 82.5 MPH)
|
Batting: LHB Josh Moore
|
0-0: Ball 1-0: Foul Ball, location: 2F 1-1: Ball 2-1: Swinging Strike 2-2: Ball 3-2: Strikes out swinging
|
Batting: RHB Kevin Allen
|
0-0: Ball 1-0: Ball 2-0: Ball 3-0: Called Strike 3-1: Base on Balls
|
Batting: RHB Ben Minge
|
0-0: Called Strike 0-1: SINGLE (Line Drive, 9LS, EV 96.2 MPH) Kevin Roseen to third Kevin Allen to second
|
Batting: RHB Matthew Orphan
|
0-0: Foul Ball, location: 2F 0-1: Called Strike 0-2: SINGLE (Line Drive, 56, EV 97.5 MPH) Kevin Roseen scores Kevin Allen to third Ben Minge to second
|
Batting: RHB Danny Weisse
|
0-0: Ball 1-0: Foul Ball, location: 2F 1-1: Swinging Strike 1-2: Ball 2-2: Strikes out swinging
|
Bottom of the 2nd over - 1 run, 3 hits, 0 errors, 3 left on base; Arkansas 4 - Northwest Arkansas 1 |
TOP OF THE 3RD |
Arkansas Travelers batting - Pitching for Northwest Arkansas Naturals : RHP Tim Tucker
|
Batting: RHB Luis Romero
|
0-0: Foul Ball, location: 2F 0-1: Called Strike 0-2: Ball 1-2: SOLO HOME RUN (Line Drive, 9D, EV 104.4 MPH), Distance : 430 ft
|
Batting: RHB Mike Alm
|
0-0: Ball 1-0: DOUBLE (Flyball, 78D, EV 93.1 MPH)
|
Batting: RHB Ryan Pelletier
|
0-0: Swinging Strike 0-1: Ball 1-1: Fly out, F6 (Line Drive, 6, EV 68.8 MPH)
|
Batting: LHB Barrfhionn O'Toole
|
0-0: Foul Ball, location: 2F 0-1: Fly out, F7 (Flyball, 7LS, EV 96.2 MPH)
|
Batting: RHB Gary Horgan
|
0-0: Ball 1-0: Ball 2-0: Ball 3-0: Called Strike 3-1: Base on Balls
|
Batting: RHB Timoleon Tsikouna
|
0-0: Fielders Choice at 2nd, 5-4 (Groundball, 56, EV 83.8 MPH)
|
Top of the 3rd over - 1 run, 2 hits, 0 errors, 2 left on base; Arkansas 5 - Northwest Arkansas 1 |
BOTTOM OF THE 3RD |
Northwest Arkansas Naturals batting - Pitching for Arkansas Travelers : RHP Ricky Castillo
|
Batting: RHB Yi-lin Niu
|
0-0: Ball 1-0: Called Strike 1-1: Called Strike 1-2: Ball 2-2: Strikes out swinging
|
Batting: RHB Alex Cid
|
0-0: Called Strike 0-1: Called Strike 0-2: Ball 1-2: Strikes out looking
|
Batting: RHB Kevin Roseen
|
0-0: Ball 1-0: Ball 2-0: Foul Ball, location: 2F 2-1: Ball 3-1: Fly out, F8 (Line Drive, 8LD, EV 86.9 MPH)
|
Bottom of the 3rd over - 0 runs, 0 hits, 0 errors, 0 left on base; Arkansas 5 - Northwest Arkansas 1 |
TOP OF THE 4TH |
Arkansas Travelers batting - Pitching for Northwest Arkansas Naturals : RHP Tim Tucker
|
Batting: RHB Danny Bjarnson
|
0-0: Reached on error, E5 (Groundball, 56S, EV 81.9 MPH)
|
Batting: RHB Reginald McDougall
|
0-0: Grounds into double play, 5-4-3 (Groundball, 56, EV 82.5 MPH)
|
Batting: LHB Justin Alexander
|
0-0: Called Strike 0-1: Ground out 4-3 (Groundball, 4, EV 89.4 MPH)
|
Top of the 4th over - 0 runs, 0 hits, 1 error, 0 left on base; Arkansas 5 - Northwest Arkansas 1 |
BOTTOM OF THE 4TH |
Northwest Arkansas Naturals batting - Pitching for Arkansas Travelers : RHP Ricky Castillo
|
Batting: SHB Jason Anaya
|
0-0: Ball 1-0: Ball 2-0: Ball 3-0: Called Strike 3-1: Base on Balls
|
Batting: LHB Josh Moore
|
0-0: Ball 1-0: Ball 2-0: Ball 3-0: Base on Balls Jason Anaya to second
|
Batting: RHB Kevin Allen
|
0-0: Ball 1-0: Foul Ball, location: 2F 1-1: Swinging Strike 1-2: Ball 2-2: SINGLE (Groundball, 56, EV 106.9 MPH) (infield hit) Jason Anaya to third Josh Moore to second
|
Batting: RHB Ben Minge
|
0-0: Ball 1-0: Swinging Strike 1-1: Foul Ball, location: 2F 1-2: Strikes out swinging
|
Batting: RHB Matthew Orphan
|
0-0: Called Strike 0-1: Ball 1-1: Fielders Choice at 2nd, 6-4 (Groundball, 6M, EV 97.5 MPH) Jason Anaya scores Josh Moore to third
|
Batting: RHB Danny Weisse
|
0-0: Ball 1-0: Foul Ball, location: 2F 1-1: Ball 2-1: Foul Ball, location: 2F 2-2: Foul Ball, location: 2F 2-2: Foul Ball, location: 2F 2-2: Fly out, F8 (Flyball, 8LD, EV 82.5 MPH)
|
Bottom of the 4th over - 1 run, 1 hit, 0 errors, 2 left on base; Arkansas 5 - Northwest Arkansas 2 |
TOP OF THE 5TH |
Arkansas Travelers batting - Pitching for Northwest Arkansas Naturals : RHP Tim Tucker
|
Batting: RHB Luis Romero
|
0-0: Ball 1-0: Ball 2-0: Ground out 5-3 (Groundball, 56, EV 83.1 MPH)
|
Batting: RHB Mike Alm
|
0-0: Ball 1-0: Ball 2-0: Called Strike 2-1: Ball 3-1: Base on Balls
|
Batting: RHB Ryan Pelletier
|
0-0: Ball 1-0: Called Strike Mike Alm steals 2nd base 1-1: Ball 2-1: Called Strike 2-2: DOUBLE (Groundball, 5L, EV 104.4 MPH) Mike Alm scores
|
Pitching: LHP Jake Warwick
|
|
Batting: LHB Barrfhionn O'Toole
|
0-0: Ball 1-0: Hit by Pitch
|
Batting: RHB Gary Horgan
|
0-0: Ball 1-0: Foul Ball, location: 2F 1-1: DOUBLE (Line Drive, 78XD, EV 100.0 MPH) Ryan Pelletier scores Barrfhionn O'Toole to third Runner from 3rd tries for Home, throw by CF and OUT! 8-6-2 Gary Horgan to third
|
Batting: RHB Timoleon Tsikouna
|
0-0: Called Strike 0-1: Ball 1-1: Ball 2-1: Ball 3-1: SINGLE (Groundball, 6S, EV 70.6 MPH) (infield hit) Gary Horgan scores
|
Batting: RHB Danny Bjarnson
|
0-0: Ball 1-0: Swinging Strike 1-1: Ball Timoleon Tsikouna steals 2nd base 2-1: Foul Ball, location: 2F 2-2: Ball 3-2: SINGLE (Groundball, 56D, EV 107.5 MPH) Timoleon Tsikouna to third Runner from 3rd tries for Home, SAFE, throw by LF to home
|
Batting: RHB Reginald McDougall
|
0-0: Called Strike 0-1: Called Strike 0-2: Strikes out looking
|
Top of the 5th over - 4 runs, 4 hits, 0 errors, 1 left on base; Arkansas 9 - Northwest Arkansas 2 |
BOTTOM OF THE 5TH |
Northwest Arkansas Naturals batting - Pitching for Arkansas Travelers : RHP Ricky Castillo
|
Batting: RHB Yi-lin Niu
|
0-0: Ball 1-0: Ball 2-0: Ball 3-0: Called Strike 3-1: Ground out 3-1 (Groundball, 3S, EV 66.2 MPH)
|
Batting: RHB Alex Cid
|
0-0: Called Strike 0-1: Foul Ball, location: 2F 0-2: Ball 1-2: Ball 2-2: Foul Ball, location: 2F 2-2: Strikes out looking
|
Batting: RHB Kevin Roseen
|
0-0: Ball 1-0: Ball 2-0: Called Strike 2-1: Foul Ball, location: 2F 2-2: Ground out 4-3 (Groundball, 4, EV 104.4 MPH)
|
Bottom of the 5th over - 0 runs, 0 hits, 0 errors, 0 left on base; Arkansas 9 - Northwest Arkansas 2 |
TOP OF THE 6TH |
Arkansas Travelers batting - Pitching for Northwest Arkansas Naturals : LHP Jake Warwick
|
Batting: LHB Justin Alexander
|
0-0: Swinging Strike 0-1: Foul Ball, location: 2F 0-2: Ball 1-2: SINGLE (Groundball, 4, EV 100.6 MPH)
|
Batting: RHB Luis Romero
|
0-0: Ball 1-0: Foul Ball, location: 2F 1-1: Called Strike 1-2: Fielders Choice at 2nd, 6-4 (Groundball, 6, EV 81.2 MPH)
|
Batting: RHB Mike Alm
|
0-0: Swinging Strike 0-1: Foul Ball, location: 2F 0-2: SINGLE (Groundball, 56S, EV 66.9 MPH) (infield hit) Luis Romero to second
|
Batting: RHB Ryan Pelletier
|
0-0: Ball 1-0: Ball 2-0: Called Strike 2-1: Swinging Strike 2-2: Strikes out swinging
|
Batting: LHB Barrfhionn O'Toole
|
0-0: Ball 1-0: Ball 2-0: Ball 3-0: Called Strike 3-1: Base on Balls Luis Romero to third Mike Alm to second
|
Batting: RHB Gary Horgan
|
0-0: Ball 1-0: Fly out, F8 (Flyball, 89M, EV 88.8 MPH)
|
Top of the 6th over - 0 runs, 2 hits, 0 errors, 3 left on base; Arkansas 9 - Northwest Arkansas 2 |
BOTTOM OF THE 6TH |
Northwest Arkansas Naturals batting - Pitching for Arkansas Travelers : RHP Ricky Castillo
|
Pitching: RHP Cal Abbott
|
|
Batting: SHB Jason Anaya
|
0-0: Ball 1-0: Called Strike 1-1: Ball 2-1: Swinging Strike 2-2: Strikes out swinging
|
Batting: LHB Josh Moore
|
0-0: Foul Ball, location: 2F 0-1: Called Strike 0-2: Ball 1-2: Foul Ball, location: 2F 1-2: Strikes out swinging
|
Batting: RHB Kevin Allen
|
0-0: Ball 1-0: Called Strike 1-1: Ball 2-1: Foul Ball, location: 2F 2-2: SINGLE (Line Drive, 5L, EV 96.9 MPH)
|
Batting: RHB Ben Minge
|
0-0: Called Strike Kevin Allen steals 2nd base 0-1: Ground out 4-3 (Groundball, 4, EV 85.6 MPH)
|
Bottom of the 6th over - 0 runs, 1 hit, 0 errors, 1 left on base; Arkansas 9 - Northwest Arkansas 2 |
TOP OF THE 7TH |
Arkansas Travelers batting - Pitching for Northwest Arkansas Naturals : LHP Jake Warwick
|
Batting: RHB Timoleon Tsikouna
|
0-0: Ball 1-0: Foul Ball, location: 2F 1-1: Swinging Strike 1-2: Foul Ball, location: 2F 1-2: SINGLE (Line Drive, 89M, EV 88.1 MPH)
|
Pitching: RHP Vinny Reveles
|
|
Batting: RHB Danny Bjarnson
|
0-0: Called Strike 0-1: Grounds into double play, 4-6-3 (Groundball, 4, EV 81.2 MPH)
|
Batting: RHB Reginald McDougall
|
0-0: Called Strike 0-1: Ball 1-1: Fly out, F7 (Flyball, 7, EV 90.6 MPH)
|
Top of the 7th over - 0 runs, 1 hit, 0 errors, 0 left on base; Arkansas 9 - Northwest Arkansas 2 |
BOTTOM OF THE 7TH |
Northwest Arkansas Naturals batting - Pitching for Arkansas Travelers : RHP Cal Abbott
|
Batting: RHB Matthew Orphan
|
0-0: Ball 1-0: Fly out, F8 (Flyball, 78D, EV 100.6 MPH)
|
Batting: RHB Danny Weisse
|
0-0: Foul Ball, location: 2F 0-1: Ball 1-1: Ground out 4-3 (Groundball, 4, EV 108.1 MPH)
|
Batting: RHB Yi-lin Niu
|
0-0: Ball 1-0: Fly out, F7 (Flyball, 7, EV 85.6 MPH)
|
Bottom of the 7th over - 0 runs, 0 hits, 0 errors, 0 left on base; Arkansas 9 - Northwest Arkansas 2 |
TOP OF THE 8TH |
Arkansas Travelers batting - Pitching for Northwest Arkansas Naturals : RHP Vinny Reveles
|
Batting: LHB Justin Alexander
|
0-0: Ball 1-0: Ground out 4-3 (Groundball, 34, EV 83.8 MPH)
|
Batting: RHB Luis Romero
|
0-0: Foul Ball, location: 2F 0-1: Ball 1-1: Called Strike 1-2: Ground out 1-3 (Groundball, 15S, EV 71.2 MPH)
|
Batting: RHB Mike Alm
|
0-0: Ball 1-0: SINGLE (Groundball, 4S, EV 69.4 MPH) (infield hit)
|
Batting: RHB Ryan Pelletier
|
0-0: Ball 1-0: Called Strike 1-1: Ball 2-1: Foul Ball, location: 2F 2-2: Strikes out swinging
|
Top of the 8th over - 0 runs, 1 hit, 0 errors, 1 left on base; Arkansas 9 - Northwest Arkansas 2 |
BOTTOM OF THE 8TH |
Northwest Arkansas Naturals batting - Pitching for Arkansas Travelers : RHP Cal Abbott
|
Batting: RHB Alex Cid
|
0-0: Ball 1-0: Called Strike 1-1: Ball 2-1: Foul Ball, location: 2F 2-2: SINGLE (Groundball, 6D, EV 98.1 MPH)
|
Pitching: RHP Owen Prouty
|
|
Batting: RHB Kevin Roseen
|
0-0: Grounds into double play, 4-6-3 (Groundball, 4, EV 88.8 MPH)
|
Batting: SHB Jason Anaya
|
0-0: Swinging Strike 0-1: Ball 1-1: Fly out, F9 (Line Drive, 9, EV 85.0 MPH)
|
Bottom of the 8th over - 0 runs, 1 hit, 0 errors, 0 left on base; Arkansas 9 - Northwest Arkansas 2 |
TOP OF THE 9TH |
Arkansas Travelers batting - Pitching for Northwest Arkansas Naturals : RHP Vinny Reveles
|
Pitching: RHP Matt Voulgaris
|
|
Batting: LHB Barrfhionn O'Toole
|
0-0: Called Strike 0-1: Ball 1-1: Ball 2-1: Reached on error, E4 (Groundball, 4M, EV 93.8 MPH)
|
Batting: RHB Gary Horgan
|
0-0: Swinging Strike 0-1: Ball 1-1: Called Strike 1-2: Ball Wild Pitch! Barrfhionn O'Toole to second 2-2: Strikes out swinging
|
Batting: RHB Timoleon Tsikouna
|
0-0: Ball 1-0: Called Strike 1-1: Ball 2-1: Ball 3-1: Base on Balls
|
Batting: RHB Danny Bjarnson
|
0-0: Ball 1-0: Fly out, F9 (Flyball, 9LM, EV 95.6 MPH) Runner from 2nd tags up, SAFE at 3rd, no throw by RF
|
Batting: RHB Reginald McDougall
|
0-0: Ball 1-0: Ball 2-0: Ball 3-0: Called Strike 3-1: Foul Ball, location: 2F 3-2: Fly out, F9 (Flyball, 9S, EV 86.2 MPH)
|
Top of the 9th over - 0 runs, 0 hits, 1 error, 2 left on base; Arkansas 9 - Northwest Arkansas 2 |
BOTTOM OF THE 9TH |
Northwest Arkansas Naturals batting - Pitching for Arkansas Travelers : RHP Owen Prouty
|
Batting: LHB Josh Moore
|
0-0: Called Strike 0-1: Foul Ball, location: 2F 0-2: Strikes out swinging
|
Batting: RHB Kevin Allen
|
0-0: Ball 1-0: Called Strike 1-1: Called Strike 1-2: Strikes out swinging
|
Batting: RHB Ben Minge
|
0-0: Ball 1-0: Ball 2-0: Foul Ball, location: 2F 2-1: Swinging Strike 2-2: Ball 3-2: Foul Ball, location: 2F 3-2: Strikes out swinging
|
Bottom of the 9th over - 0 runs, 0 hits, 0 errors, 0 left on base; Arkansas 9 - Northwest Arkansas 2 |
|